 Dungeon Crawl Stone Soup version 0.24.1-11-gbbbb2193e6 (webtiles) character file.

Game seed: 3403299944973127332, levelgen mode: deterministic

25 Hugehornet the Insei (level 3, 0/23 HPs)
             Began as an Octopode Transmuter on May 11, 2020.
             Slain by a kobold
             ... wielding a +0 short sword
              (1 damage)
             ... on level 1 of the Dungeon.
             The game lasted 00:02:10 (1302 turns).

Hugehornet the Insei (Octopode Transmuter)          Turns: 1302, Time: 00:02:11

Health: 0/23       AC:  1    Str:  9    XL:     3   Next: 6%
Magic:  6/6        EV: 13    Int: 16    God:
Gold:   48         SH:  0    Dex: 12    Spells: 0/6 levels left

rFire    . . .     SeeInvis .     - Unarmed
rCold    . . .     Gourm    .   (no shield)
rNeg     . . .     Faith    .   (helmet restricted)
rPois    .         Spirit   .   (no amulet)
rElec    .         Reflect  .   (no ring)
rCorr    .         Harm     .   (no ring)
MR       .....                  (no ring)
Stlth    ++........             (no ring)
HPRegen  0.07/turn              (no ring)
MPRegen  0.10/turn              (no ring)
                                (no ring)
                                (no ring)

@: appendage, flying
A: almost no armour, stealthy swim, amphibious, 8 rings, constrict 8, tentacle
spike 3, camouflage 1, gelatinous body 1
a: End Transformation


You were on level 1 of the Dungeon.
You were not hungry.
One of your tentacles had a temporary spike.
You visited 1 branch of the dungeon, and saw 1 of its levels.

You collected 48 gold pieces.

Inventory:

Missiles
 a - 12 arrows
Jewellery
 d - an uncursed ring of poison resistance {unknown}
Scrolls
 e - a scroll of fear {unknown}
 g - a scroll of teleportation {unknown}
 i - a scroll of noise {unknown}
 j - a scroll of enchant weapon {unknown}
Potions
 h - a potion of cancellation {unknown}
 k - a potion of magic {unknown}
Comestibles
 c - 2 rations


   Skills:
 - Level 1.0 Fighting
 - Level 2.0 Dodging
 + Level 3.0 Unarmed Combat
 + Level 2.4 Spellcasting
 - Level 3.0 Transmutations
 * Level 0.2 Poison Magic


You couldn't memorise any spells.
You knew the following spells:

 Your Spells              Type           Power        Failure   Level  Hunger
a - Beastly Appendage     Tmut           ##....       6%          1    #......
b - Sticks to Snakes      Tmut           ##......     9%          2    ###....
c - Spider Form           Tmut/Pois      #.........   30%         3    ###....

Your spell library contained the following spells:

 Spells                   Type           Power        Failure   Level  Hunger
 Ice Form                 Ice/Tmut       #.......     71%         4    #####..
 Blade Hands              Tmut           ##........   85%         5    ######.


Dungeon Overview and Level Annotations

Branches:
Dungeon (1/15)

Altars:


Innate Abilities, Weirdness & Mutations

You cannot wear most types of armour.
You are very stealthy in the water. (Stealth+)
You are amphibious.
You can wear up to eight rings at the same time.
You can use your tentacles to constrict eight enemies at once.
Your skin changes colour to match your surroundings (Stealth+).
Your rubbery body absorbs attacks. (AC +1, EV +1)
One of your tentacles bears a large vicious spike.


Message History

You are too injured to fight recklessly!
You are too injured to fight recklessly!
You are too injured to fight recklessly!
You tentacle-slap the leopard gecko but do no damage.
You grab the leopard gecko.
Your tentacle spike misses the leopard gecko.
The leopard gecko is severely wounded.
You constrict the leopard gecko. The leopard gecko closely misses you.
The kobold hits you with a +0 short sword.
* * * LOW HITPOINT WARNING * * *
The leopard gecko bites you.
* * * LOW HITPOINT WARNING * * *
The leopard gecko bites you.
* * * LOW HITPOINT WARNING * * *
It was a potion of flight.
You feel very buoyant.
You fly up into the air.
You constrict the leopard gecko.
You kill the leopard gecko!
The kobold hits you with a +0 short sword.
You die...

.........# #.#
.........#
###.#
.........#
##.#.#
#.........
..#.# .######
#### ######.#.#
.# .....
...##.#.# .#
###..###.##...#
.#
#............##
#..†@((#....#
#..Kl..#.#..#
#......#.#..#
#........#..#
#..[...###..#
#..#.... ...#
#..###### #.#
...


You could see a leopard gecko and a kobold.

Vanquished Creatures
  2 dart slugs (D:1)
  A leopard gecko (D:1)
  3 bats (D:1)
  A giant cockroach (D:1)
  3 goblins (D:1)
  5 kobolds (D:1)
  3 frilled lizards (D:1)
  A rat (D:1)
19 creatures vanquished.

Notes
Turn   | Place    | Note
-------+----------+-------------------------------------------
     0 | D:1      | Hugehornet the Octopode Transmuter began the quest for the
                  | Orb.
     0 | D:1      | Reached XP level 1. HP: 13/13 MP: 3/3
   365 | D:1      | Reached XP level 2. HP: 18/18 MP: 3/5
   391 | D:1      | Learned a level 2 spell: Sticks to Snakes
  1239 | D:1      | Reached XP level 3. HP: 20/23 MP: 4/6
  1244 | D:1      | Learned a level 3 spell: Spider Form
  1301 | D:1      | HP: 1/23 [leopard gecko (1)]
  1302 | D:1      | Slain by a kobold

Levels and vault maps discovered:
D:1:      giann_forest_graveyard, layout_basic

Skill      XL: |  1  2 |
---------------+-------+-----
Transmutations | 3 |  3.0
Fighting       | |  1.0
Dodging        | |  2.0
Unarmed Combat | |  3.0
Spellcasting   | |  2.4
Poison Magic   | |  0.2

Action                   || total
-------------------------++-------
Melee: Unarmed           ||    50
       Constrict         ||    11
       Kick              ||    10
       Tentacles         ||     5
 Cast: Beastly Appendage ||    17
  Use: Scroll            ||     2
       Potion            ||     1
 Stab: Sleeping          ||     3
  Eat: Chunk             ||     1
Armor: Skin              ||     5
Dodge: Dodged            ||    36
